SAAA
ATHLETIC CLUB KC RESERVES @ PORT ROYAL DISASTER
09/05/2031
 
TOP OF THE 1ST
Athletic Club KC Reserves batting - Pitching for Port Royal Disaster : LHP Chet Saks
Pitching: LHP Chet Saks
Batting: LHB Wu-shun Chu 0-0: Ground out 1-3 (Groundball, 13S)
Batting: RHB Tasuku Goto 0-0: Foul Ball, location: 2F
0-1: Ball
1-1: Fly out, F5 (Popup, 5F)
Batting: LHB Pablo Hernández 0-0: Ball
1-0: Ball
2-0: Fly out, F9 (Flyball, 89D)
Top of the 1st over - 0 runs, 0 hits, 0 errors, 0 left on base; Athletic Club KC 0 - Port Royal 0
BOTTOM OF THE 1ST
Port Royal Disaster batting - Pitching for Athletic Club KC Reserves : RHP Ángel Rivera
Pitching: RHP Ángel Rivera
Batting: RHB Loren Stallings 0-0: Ball
1-0: DOUBLE (Line Drive, 9LS)
Batting: RHB Steve Bock 0-0: Ball
1-0: SINGLE (Groundball, 3D)
Loren Stallings to third
Runner from 3rd tries for Home, throw and OUT!
Batting: LHB Bob Daugherty 0-0: Called Strike
0-1: Ball
1-1: Ball
2-1: Foul Ball, location: 2F
2-2: Ball
3-2: Foul Ball, location: 2F
3-2: Fly out, F5 (Popup, 5)
Batting: LHB Ricky Payton 0-0: Called Strike
0-1: Ball
1-1: Foul Ball, location: 2F
1-2: Ground out 4-3 (Groundball, 4)
Bottom of the 1st over - 0 runs, 2 hits, 0 errors, 1 left on base; Athletic Club KC 0 - Port Royal 0
TOP OF THE 2ND
Athletic Club KC Reserves batting - Pitching for Port Royal Disaster : LHP Chet Saks
Batting: LHB Ramón Morterero 0-0: Swinging Strike
0-1: Called Strike
0-2: Strikes out swinging
Batting: RHB Roger Caffyn 0-0: Fly out, F6 (Popup, 6M)
Batting: LHB Tony García 0-0: Ball
1-0: Foul Ball, location: 2F
1-1: Ball
2-1: Ball
3-1: Swinging Strike
3-2: Base on Balls
Batting: RHB Shintaro Yamada 0-0: Called Strike
0-1: Ball
1-1: Called Strike
1-2: Foul Ball, location: 2F
1-2: Foul Ball, location: 2F
1-2: Foul Ball, location: 2F
1-2: Fielders Choice at 2nd, 5-4 (Groundball, 56)
Top of the 2nd over - 0 runs, 0 hits, 0 errors, 1 left on base; Athletic Club KC 0 - Port Royal 0
BOTTOM OF THE 2ND
Port Royal Disaster batting - Pitching for Athletic Club KC Reserves : RHP Ángel Rivera
Batting: RHB Wes Shannon 0-0: Called Strike
0-1: Ball
1-1: Ball
2-1: Ball
3-1: Ground out 4-3 (Groundball, 4S)
Batting: SHB Arsenio Sameiro 0-0: Ball
1-0: Foul Ball, location: 2F
1-1: Ball
2-1: Fly out, F9 (Line Drive, 9D)
Batting: RHB Jesús Ruano 0-0: Called Strike
0-1: SINGLE (Flyball, 7S)
Batting: SHB Aurelio Jiménez 0-0: Called Strike
0-1: Ball
1-1: Ball
2-1: Called Strike
2-2: Ball
3-2: Foul Ball, location: 2F
3-2: Foul Ball, location: 2F
3-2: Base on Balls
Jesús Ruano to second
Batting: LHB José Vázquez 0-0: Foul Ball, location: 2F
0-1: Foul Ball, location: 2F
0-2: Ball
1-2: DOUBLE (Line Drive, 9LS)
Jesús Ruano scores
Aurelio Jiménez to third
Runner from 3rd tries for Home, SAFE, no throw
Batting: RHB Loren Stallings 0-0: DOUBLE (Line Drive, 78D)
José Vázquez scores
Batting: RHB Steve Bock 0-0: Fly out, F8 (Flyball, 8LS)
Bottom of the 2nd over - 3 runs, 3 hits, 0 errors, 1 left on base; Athletic Club KC 0 - Port Royal 3
TOP OF THE 3RD
Athletic Club KC Reserves batting - Pitching for Port Royal Disaster : LHP Chet Saks
Batting: RHB Tony Osorio 0-0: Ball
1-0: Called Strike
1-1: Swinging Strike
1-2: Foul Ball, location: 2F
1-2: Ball
2-2: Ball
3-2: SINGLE (Line Drive, 4MD)
Batting: LHB Enrique Sánchez 0-0: Fly out, F7 (Flyball, 7S)
Batting: LHB Wu-shun Chu 0-0: Called Strike
0-1: Ball
1-1: Ball
2-1: DOUBLE (Flyball, 78D)
Tony Osorio to third
Runner from 3rd tries for Home, SAFE, no throw
Batting: RHB Tasuku Goto 0-0: SINGLE (Groundball, 6MD)
Wu-shun Chu to third
Runner from 3rd tries for Home, throw and OUT!
Batting: LHB Pablo Hernández 0-0: Foul Ball, location: 2F
0-1: Called Strike
0-2: Foul Ball, location: 2F
0-2: Ball
1-2: Foul Ball, location: 2F
1-2: Ball
2-2: Fly out, F3 (Popup, 23)
Top of the 3rd over - 1 run, 3 hits, 0 errors, 1 left on base; Athletic Club KC 1 - Port Royal 3
BOTTOM OF THE 3RD
Port Royal Disaster batting - Pitching for Athletic Club KC Reserves : RHP Ángel Rivera
Batting: LHB Bob Daugherty 0-0: Ground out 6-3 (Groundball, 6)
Batting: LHB Ricky Payton 0-0: Swinging Strike
0-1: Ball
1-1: Ball
2-1: SINGLE (Groundball, 6MD)
Batting: RHB Wes Shannon 0-0: Ball
1-0: Foul Ball, location: 2F
1-1: Foul Ball, location: 2F
1-2: Foul Ball, location: 2F
1-2: Ball
2-2: Foul Ball, location: 2F
2-2: Strikes out looking
Batting: SHB Arsenio Sameiro 0-0: Ball
1-0: Swinging Strike
1-1: Called Strike
1-2: SINGLE (Groundball, 3) (infield hit)
Ricky Payton to second
Batting: RHB Jesús Ruano 0-0: Called Strike
0-1: Called Strike
0-2: Strikes out swinging
Bottom of the 3rd over - 0 runs, 2 hits, 0 errors, 2 left on base; Athletic Club KC 1 - Port Royal 3
TOP OF THE 4TH
Athletic Club KC Reserves batting - Pitching for Port Royal Disaster : LHP Chet Saks
Batting: LHB Ramón Morterero 0-0: Ball
1-0: Ball
2-0: Foul Ball, location: 2F
2-1: Fly out, F9 (Flyball, 9D)
Batting: RHB Roger Caffyn 0-0: Swinging Strike
0-1: Foul Ball, location: 2F
0-2: SOLO HOME RUN (Flyball, 7LD), Distance : 355 ft
Batting: LHB Tony García 0-0: SINGLE (Line Drive, 4D)
Batting: RHB Shintaro Yamada 0-0: Called Strike
0-1: Ball
1-1: Ball
Wild Pitch!
Tony García to second
2-1: Ball
3-1: Foul Ball, location: 2F
3-2: Fly out, F8 (Flyball, 78D)
Batting: RHB Tony Osorio 0-0: Ball
1-0: Foul Ball, location: 2F
1-1: Ball
2-1: Called Strike
2-2: Ground out 4-3 (Groundball, 4D)
Top of the 4th over - 1 run, 2 hits, 0 errors, 1 left on base; Athletic Club KC 2 - Port Royal 3
BOTTOM OF THE 4TH
Port Royal Disaster batting - Pitching for Athletic Club KC Reserves : RHP Ángel Rivera
Batting: SHB Aurelio Jiménez 0-0: Ball
1-0: Swinging Strike
1-1: Swinging Strike
1-2: Strikes out looking
Batting: LHB José Vázquez 0-0: Called Strike
0-1: Ball
1-1: Ball
2-1: Foul Ball, location: 2F
2-2: Foul Ball, location: 2F
2-2: Ground out U3 (Groundball, 3)
Batting: RHB Loren Stallings 0-0: Ball
1-0: Ball
2-0: Called Strike
2-1: Called Strike
2-2: Fly out, F8 (Flyball, 8LS)
Bottom of the 4th over - 0 runs, 0 hits, 0 errors, 0 left on base; Athletic Club KC 2 - Port Royal 3
TOP OF THE 5TH
Athletic Club KC Reserves batting - Pitching for Port Royal Disaster : LHP Chet Saks
Batting: LHB Enrique Sánchez 0-0: Ground out 4-3 (Groundball, 34)
Batting: LHB Wu-shun Chu 0-0: Ball
1-0: Ball
2-0: Called Strike
2-1: SINGLE (Line Drive, 4D)
Batting: RHB Tasuku Goto 0-0: Called Strike
Wu-shun Chu steals 2nd base
0-1: SINGLE (Groundball, 56D)
Wu-shun Chu to third
Runner from 3rd tries for Home, SAFE, no throw
Batting: LHB Pablo Hernández 0-0: Called Strike
0-1: Ball
1-1: Ball
2-1: Called Strike
2-2: Ground out 5-3 (Groundball, 56S)
Tasuku Goto to second
Batting: LHB Ramón Morterero 0-0: Ball
1-0: Swinging Strike
1-1: Called Strike
1-2: Strikes out swinging
Top of the 5th over - 1 run, 2 hits, 0 errors, 1 left on base; Athletic Club KC 3 - Port Royal 3
BOTTOM OF THE 5TH
Port Royal Disaster batting - Pitching for Athletic Club KC Reserves : RHP Ángel Rivera
Batting: RHB Steve Bock 0-0: Ball
1-0: Swinging Strike
1-1: Called Strike
1-2: Fly out, F6 (Popup, 6MS)
Batting: LHB Bob Daugherty 0-0: Ground out 1-3 (Groundball, 15S)
Batting: LHB Ricky Payton 0-0: Foul Ball, location: 2F
0-1: Ball
1-1: Ball
2-1: Fly out, F7 (Line Drive, 7S)
Bottom of the 5th over - 0 runs, 0 hits, 0 errors, 0 left on base; Athletic Club KC 3 - Port Royal 3
TOP OF THE 6TH
Athletic Club KC Reserves batting - Pitching for Port Royal Disaster : LHP Chet Saks
Batting: RHB Roger Caffyn 0-0: Ball
1-0: Ball
2-0: Ball
3-0: Called Strike
3-1: Base on Balls
Batting: LHB Tony García 0-0: Ball
1-0: Ball
2-0: Called Strike
2-1: Ball
3-1: Swinging Strike
3-2: Ground out 4-3 (Groundball, 4)
Roger Caffyn to second
Batting: RHB Shintaro Yamada 0-0: Ball
1-0: Ball
2-0: Ball
3-0: Called Strike
3-1: Fly out, F9 (Flyball, 89S)
Batting: RHB Tony Osorio 0-0: Called Strike
0-1: Ground out 5-3 (Groundball, 5)
Top of the 6th over - 0 runs, 0 hits, 0 errors, 1 left on base; Athletic Club KC 3 - Port Royal 3
BOTTOM OF THE 6TH
Port Royal Disaster batting - Pitching for Athletic Club KC Reserves : RHP Ángel Rivera
Batting: RHB Wes Shannon 0-0: Called Strike
0-1: Ball
1-1: Ball
2-1: Foul Ball, location: 2F
2-2: Foul Ball, location: 2F
2-2: DOUBLE (Line Drive, 9LM)
Batting: SHB Arsenio Sameiro 0-0: Called Strike
0-1: Swinging Strike
0-2: Ground out 6-3 (Groundball, 6S)
Wes Shannon to third
Batting: RHB Jesús Ruano 0-0: Ball
1-0: Swinging Strike
1-1: Foul Ball, location: 2F
1-2: Fly out, F8 (Flyball, 89XD)
Runner from 3rd tags up, SCORES, no throw
Batting: SHB Aurelio Jiménez 0-0: Called Strike
0-1: Foul Ball, location: 2F
0-2: Ball
1-2: Strikes out swinging
Bottom of the 6th over - 1 run, 1 hit, 0 errors, 0 left on base; Athletic Club KC 3 - Port Royal 4
TOP OF THE 7TH
Athletic Club KC Reserves batting - Pitching for Port Royal Disaster : LHP Chet Saks
Batting: LHB Enrique Sánchez 0-0: Called Strike
0-1: Called Strike
0-2: Ball
1-2: Strikes out swinging
Batting: LHB Wu-shun Chu 0-0: Swinging Strike
0-1: Ground out 4-3 (Groundball, 4M)
Batting: RHB Tasuku Goto 0-0: Ball
1-0: Called Strike
1-1: SINGLE (Groundball, 6) (infield hit)
Pitching: RHP Kevin Samuels
Batting: LHB Pablo Hernández 0-0: Called Strike
0-1: Ball
1-1: Ball
Tasuku Goto steals 2nd base
2-1: Fly out, F7 (Flyball, 7LS)
Top of the 7th over - 0 runs, 1 hit, 0 errors, 1 left on base; Athletic Club KC 3 - Port Royal 4
BOTTOM OF THE 7TH
Port Royal Disaster batting - Pitching for Athletic Club KC Reserves : RHP Ángel Rivera
Batting: LHB José Vázquez 0-0: Ball
1-0: Swinging Strike
1-1: Fly out, F7 (Line Drive, 7LD)
Batting: RHB Loren Stallings 0-0: SINGLE (Line Drive, 4MD)
Batting: RHB Steve Bock 0-0: Called Strike
0-1: Ball
1-1: Ball
2-1: Ground out 5-3 (Groundball, 5)
Loren Stallings to second
Batting: LHB Bob Daugherty 0-0: Ball
1-0: Fly out, F8 (Flyball, 8LS)
Bottom of the 7th over - 0 runs, 1 hit, 0 errors, 1 left on base; Athletic Club KC 3 - Port Royal 4
TOP OF THE 8TH
Athletic Club KC Reserves batting - Pitching for Port Royal Disaster : RHP Kevin Samuels
Batting: LHB Ramón Morterero 0-0: Ball
1-0: Called Strike
1-1: Ball
2-1: Ball
3-1: Foul Ball, location: 2F
3-2: SINGLE (Flyball, 8RM)
Pitching: RHP Miguel Hernández
Batting: RHB Roger Caffyn 0-0: Ball
Wild Pitch!
Ramón Morterero to second
1-0: Foul Ball, location: 2F
1-1: Called Strike
1-2: Ball
2-2: Strikes out swinging
Batting: LHB Tony García 0-0: Ground out 4-3 (Groundball, 4M)
Ramón Morterero to third
Batting: RHB Shintaro Yamada 0-0: Called Strike
0-1: Foul Ball, location: 2F
0-2: Ball
1-2: SINGLE (Line Drive, 4MD)
Ramón Morterero scores
Batting: RHB Tony Osorio 0-0: Ball
1-0: Fly out, F6 (Popup, 4MD)
Top of the 8th over - 1 run, 2 hits, 0 errors, 1 left on base; Athletic Club KC 4 - Port Royal 4
BOTTOM OF THE 8TH
Port Royal Disaster batting - Pitching for Athletic Club KC Reserves : RHP Ángel Rivera
Batting: LHB Ricky Payton 0-0: Called Strike
0-1: Fly out, F7 (Line Drive, 78D)
Batting: RHB Wes Shannon 0-0: Ball
1-0: Called Strike
1-1: Ball
2-1: Ball
3-1: Called Strike
3-2: Ground out 4-3 (Groundball, 4)
Batting: SHB Arsenio Sameiro 0-0: Ball
1-0: Foul Ball, location: 2F
1-1: Ball
2-1: Foul Ball, location: 2F
2-2: Ground out 4-3 (Groundball, 4MS)
Bottom of the 8th over - 0 runs, 0 hits, 0 errors, 0 left on base; Athletic Club KC 4 - Port Royal 4
TOP OF THE 9TH
Athletic Club KC Reserves batting - Pitching for Port Royal Disaster : RHP Miguel Hernández
Pitching: RHP Jon King
Batting: LHB Enrique Sánchez 0-0: Called Strike
0-1: Swinging Strike
0-2: Ball
1-2: Ball
2-2: Ball
3-2: Base on Balls
Batting: LHB Wu-shun Chu 0-0: Foul Ball, location: 2F
0-1: Foul Ball, location: 2F
0-2: Strikes out swinging
Batting: RHB Tasuku Goto 0-0: Swinging Strike
0-1: SINGLE (Groundball, 34S) (infield hit)
Enrique Sánchez to second
Batting: LHB Pablo Hernández 0-0: Ball
1-0: Foul Ball, location: 2F
1-1: Swinging Strike
1-2: Ball
2-2: Strikes out swinging
Batting: LHB Ramón Morterero 0-0: Foul Ball, location: 2F
0-1: Ball
1-1: Called Strike
1-2: Strikes out swinging
Top of the 9th over - 0 runs, 1 hit, 0 errors, 2 left on base; Athletic Club KC 4 - Port Royal 4
BOTTOM OF THE 9TH
Port Royal Disaster batting - Pitching for Athletic Club KC Reserves : RHP Ángel Rivera
Pitching: RHP Alfonso Álvarez
Batting: RHB Jesús Ruano 0-0: Ball
1-0: Ball
2-0: Ground out 3-1 (Groundball, 34)
Batting: SHB Aurelio Jiménez 0-0: Ball
1-0: Ball
2-0: Ball
3-0: Base on Balls
Batting: LHB José Vázquez 0-0: Ball
1-0: Swinging Strike
1-1: Called Strike
1-2: Strikes out looking
Batting: RHB Loren Stallings 0-0: Foul Ball, location: 2F
0-1: Ball
1-1: Swinging Strike
1-2: Strikes out swinging
Bottom of the 9th over - 0 runs, 0 hits, 0 errors, 1 left on base; Athletic Club KC 4 - Port Royal 4
TOP OF THE 10TH
Athletic Club KC Reserves batting - Pitching for Port Royal Disaster : RHP Jon King
Pitching: RHP Jin Kwon
Batting: RHB Roger Caffyn 0-0: Ball
1-0: Called Strike
1-1: Foul Ball, location: 2F
1-2: Ball
2-2: TRIPLE (Line Drive, 8LXD)
Batting: LHB Tony García 0-0: Ball
1-0: Ball
2-0: Foul Ball, location: 2F
2-1: Foul Ball, location: 2F
2-2: DOUBLE (Line Drive, 9LD)
Roger Caffyn scores
Batting: RHB Shintaro Yamada 0-0: Ball
1-0: Ball
2-0: Ball
3-0: Base on Balls
Batting: RHB Tony Osorio 0-0: Bunted foul
0-1: Bunted foul
0-2: Ball
1-2: Foul Ball, location: 2F
1-2: Foul Ball, location: 2F
1-2: Ball
2-2: Ground out 6-3 (Groundball, 6S)
Tony García to third
Shintaro Yamada to second
Batting: LHB Enrique Sánchez 0-0: Called Strike
0-1: Ball
1-1: Ball
2-1: Called Strike
2-2: Ball
3-2: Fly out, F7 (Flyball, 78D)
Runner from 3rd tags up, OUT at HOME
Top of the 10th over - 1 run, 2 hits, 0 errors, 1 left on base; Athletic Club KC 5 - Port Royal 4
BOTTOM OF THE 10TH
Port Royal Disaster batting - Pitching for Athletic Club KC Reserves : RHP Alfonso Álvarez
Pitching: LHP António Hernández
Batting: RHB Steve Bock 0-0: Ball
1-0: Foul Ball, location: 2F
1-1: Ball
2-1: Fly out, F6 (Line Drive, 56)
Batting: LHB Bob Daugherty 0-0: SINGLE (Groundball, 4MD)
Pinch Hitting: RHB Brandon Cooper 0-0: Ball
1-0: Foul Ball, location: 2F
1-1: Ball
2-1: Foul Ball, location: 2F
2-2: Foul Ball, location: 2F
2-2: Ground out 4-3 (Groundball, 34)
Bob Daugherty to second
Batting: RHB Wes Shannon 0-0: Called Strike
0-1: Called Strike
0-2: Ball
1-2: Fly out, F2 (Popup, 25F)
Bottom of the 10th over - 0 runs, 1 hit, 0 errors, 1 left on base; Athletic Club KC 5 - Port Royal 4
Tuesday, June 12th, 2018 - OOTP Baseball 18.8 Build 76